Map: Ruby Rock LE

Players

Reynor - Winner!

  • Race: Zerg Zerg
  • League: Master
  • Spawn Location: 5:00

SKillous

  • Race: Protoss Protoss
  • League: Master
  • Spawn Location: 11:00

VOD

Have the link to the VOD?

Description

Time

  • Played on: Jan. 31, 2026, 2:14 p.m.
  • Length: 8:52
Show
View Real Time Build Order
Export as new Build Order

Reynor Zerg - Winner!

Build Orders: Hatch First 

Get SALT Encoding   

  12  0:00  Drone  
  13  0:08  Drone  
  14  0:14  Extractor, Drone  
  15  0:21  Overlord  
  15  0:39  Drone x2  
  17  0:48  Hatchery  
  16  0:52  Drone  
  16  0:55  Drone  
  18  1:05  Extractor  
  18  1:11  Spawning Pool  
  16  1:14  Drone  
  16  1:17  Drone  
  18  1:26  Drone  
  19  1:37  Drone  
  20  1:48  Drone  
  21  1:58  Zergling x2  
  21  2:00  Queen x2  
  26  2:01  Zergling x2  
  27  2:09  Overlord  
  27  2:11  Metabolic Boost  
  27  2:12  Drone  
  28  2:29  Zergling x2  
  29  2:30  Drone  
  29  2:36  Queen  
  32  2:42  Hatchery  
  31  2:44  Drone  
  31  2:47  Zergling x2  
  31  2:50  Overlord  
  33  2:53  Zergling x2  
  33  2:56  Drone  
  33  2:58  Drone  
  36  3:08  Queen  
  36  3:09  Zergling x2  
  36  3:10  Drone  
  36  3:12  Drone  
  41  3:18  Overlord  
  42  3:20  Drone  
  42  3:22  Drone  
  42  3:23  Drone  
  42  3:26  Drone  
  44  3:32  Drone  
  43  3:35  Drone  
  43  3:40  Drone  
  43  3:41  Drone x2  
  47  3:43  Drone x2  
  47  3:48  Overlord  
  49  3:50  Drone  
  49  3:55  Drone x2  
  52  3:58  Overlord  
  51  4:05  Drone x2  
  51  4:09  Drone  
  54  4:11  Drone x3  
  54  4:15  Queen  
  54  4:16  Drone x2  
  60  4:20  Spore Crawler  
  60  4:21  Spore Crawler  
  60  4:22  Drone  
  58  4:26  Drone  
  58  4:29  Drone  
  60  4:33  Drone  
  61  4:39  Drone x2  
  61  4:40  Drone x2  
  61  4:42  Drone  
  61  4:44  Hatchery  
  63  4:48  Roach Warren  
  63  4:49  Drone x3  
  65  4:53  Overlord  
  65  4:54  Drone x2  
  67  5:01  Lair, Spore Crawler, Drone  
  67  5:04  Drone x2  
  67  5:06  Drone x2  
  71  5:09  Drone x2  
  71  5:10  Extractor  
  71  5:12  Zergling x4  
  71  5:13  Zergling x2  
  75  5:14  Drone  
  75  5:16  Overlord  
  75  5:17  Drone x2  
  75  5:20  Drone  
  79  5:22  Extractor  
  79  5:24  Overlord  
  79  5:27  Drone  
  79  5:30  Overlord  
  79  5:32  Extractor  
  78  5:37  Extractor, Zergling x4  
  78  5:38  Zergling x4, Overlord  
  78  5:39  Queen  
  83  5:45  Zergling x10  
  83  5:47  Queen  
  90  5:52  Overlord  
  90  5:56  Overlord, Zergling x2  
  90  5:57  Zergling x6  
  91  6:06  Zergling x10  
  92  6:16  Roach x5, Queen  
  92  6:18  Pneumatized Carapace  
  102  6:19  Roach x2  
  102  6:22  Overlord  
  102  6:25  Roach x2  
  110  6:33  Roach x2  
  110  6:34  Zergling x4, Roach  
  110  6:38  Overlord, Ravager  
  119  6:40  Ravager x2  
  119  6:41  Zergling x6  
  119  6:46  Overlord  
  124  6:47  Zergling x4  
  124  6:48  Zergling x2  
  124  6:51  Overlord  
  127  6:58  Zergling x14  
  134  7:02  Overlord  
  134  7:09  Zergling x8  
  134  7:10  Zergling x6  
  134  7:12  Overlord  
  141  7:17  Ravager  
  141  7:18  Ravager x5  
  141  7:19  Zergling x6  
  141  7:22  Overlord  
  150  7:25  Zergling x2  
  150  7:26  Zergling x6  
  154  7:32  Zergling x2  
  154  7:33  Zergling x4  
  154  7:35  Ravager  
  149  7:39  Ravager x2, Queen  
  149  7:41  Roach x2, Zergling x4  
  151  7:45  Zergling x6  
  151  7:48  Roach, Zergling x2  
  150  7:53  Queen  
  150  7:55  Roach, Zergling x2  
  150  7:57  Zergling x4  
  149  7:59  Roach  
  149  8:01  Zergling x4  
  145  8:09  Drone  
  145  8:11  Zergling x6, Evolution Chamber  
  146  8:15  Zergling x2  
  146  8:19  Zergling x6  
  147  8:26  Drone x2  
  144  8:28  Drone x2  
  144  8:29  Drone  
  144  8:30  Zergling x2  
  144  8:31  Zergling x2  
  131  8:36  Drone  
Show
View Real Time Build Order
Export as new Build Order

SKillous Protoss 

Build Orders: 1 Gate Expand, Oracle Opening 

Get SALT Encoding   

  12  0:00  Probe  
  13  0:12  Probe  
  14  0:20  Pylon  
  14  0:24  Probe  
  15  0:34  Probe  
  15  0:40  Gateway  
  15  0:42  Probe  
  16  0:49  Assimilator  
  17  0:52  Probe  
  18  1:04  Probe  
  19  1:16  Probe  
  20  1:26  Nexus  
  20  1:35  Cybernetics Core  
  20  1:38  Probe  
  21  1:45  Assimilator  
  21  1:50  Probe  
  21  1:53  Pylon  
  22  2:02  Adept, Probe  
  23  2:14  Probe  
  26  2:19  Stargate  
  26  2:23  Adept  
  26  2:26  Probe  
  26  2:29  Warp Gate  
  27  2:34  Probe  
  29  2:38  Probe  
  29  2:42  Probe  
  31  2:50  Probe  
  33  2:53  Adept  
  33  2:54  Probe  
  33  2:56  Oracle  
  36  3:03  Probe  
  37  3:06  Probe  
  37  3:09  Pylon  
  41  3:15  Probe  
  41  3:18  Probe  
  43  3:27  Probe  
  43  3:30  Oracle, Probe  
  41  3:35  Nexus  
  44  3:43  Probe  
  44  3:44  Probe  
  46  3:50  Gateway  
  46  3:55  Probe, Pylon  
  47  3:59  Probe  
  44  4:07  Probe  
  45  4:11  Probe  
  45  4:12  Pylon  
  46  4:19  Probe, Adept  
  46  4:23  Probe  
  50  4:27  Assimilator  
  51  4:31  Probe  
  51  4:32  Assimilator  
  51  4:35  Probe  
  52  4:40  Probe  
  52  4:41  Adept  
  52  4:44  Adept, Probe  
  55  4:47  Twilight Council, Probe  
  55  4:48  Probe  
  55  4:49  Forge  
  55  4:50  Robotics Facility  
  58  4:52  Probe  
  58  4:56  Phoenix  
  58  4:58  Probe  
  62  5:00  Probe  
  62  5:03  Probe  
  64  5:09  Adept x2  
  64  5:11  Probe  
  64  5:12  Probe  
  64  5:13  Probe  
  70  5:21  Probe  
  71  5:22  Blink  
  71  5:23  Probe, Protoss Ground Weapons Level 1  
  71  5:24  Probe  
  71  5:28  Pylon  
  74  5:32  Adept x2  
  74  5:34  Probe  
  74  5:35  Probe  
  80  5:36  Probe  
  80  5:39  Observer  
  82  5:44  Assimilator  
  82  5:45  Gateway  
  82  5:46  Gateway  
  82  5:48  Assimilator, Probe  
  83  5:56  Probe  
  84  6:00  Probe  
  85  6:04  Probe  
  85  6:08  Probe  
  83  6:12  Probe  
  83  6:16  Probe  
  83  6:17  Warp Prism  
  83  6:20  Probe  
  83  6:21  Stalker x2  
  83  6:23  Shield Battery  
  83  6:24  Probe  
  85  6:27  Robotics Bay, Gateway x2  
  85  6:28  Probe  
  85  6:29  Robotics Facility  
  86  6:33  Pylon  
  86  6:40  Stalker x2  
  86  6:43  Pylon  
  86  6:44  Shield Battery  
  90  6:47  Shield Battery, Pylon  
  90  6:49  Photon Cannon  
  90  6:53  Stalker x2, Shield Battery  
  94  7:01  Photon Cannon  
  94  7:03  Shield Battery  
  94  7:04  Pylon  
  94  7:05  Stalker x2  
  94  7:06  Photon Cannon  
  98  7:08  Pylon  
  98  7:09  Shield Battery  
  98  7:14  Shield Battery  
  98  7:16  Photon Cannon  
  98  7:17  Disruptor x2  
  106  7:24  Stalker x2  
  110  7:33  Probe  
  110  7:35  Stalker x2  
  110  7:36  Stalker x2  
  111  7:50  Stalker x2  
  92  7:59  Stalker x3  
  92  8:02  Probe  
  92  8:03  Disruptor  
  88  8:15  Stalker x3  
  83  8:32  Stalker x3  
  67  8:39  Stalker  
  67  8:40  Stalker x2  
Tags
 
Add a new tag
Caveats
  • Supply blocks, unpowered buildings, or Contaminate may cause inaccurate times.
  • Supply counts are checked every 10 seconds.